 Dungeon Crawl Stone Soup version 0.25.1-8-g42b30a86e7 (webtiles) character file.

Game seed: 8477343847929734689

81 Kives the Cutter (level 4, -3/23 HPs)
             Began as a Spriggan Chaos Knight on Dec 9, 2020.
             Was a Plaything of Xom.
             Slain by a gnoll
             ... wielding a +0 club
              (12 damage)
             ... on level 2 of the Dungeon.
             The game lasted 00:08:18 (1675 turns).

Kives the Cutter (Spriggan Chaos Knight)            Turns: 1675, Time: 00:08:18

Health: -3/23      AC:  4    Str:  9    XL:     4   Next: 20%
Magic:  5/5        EV: 18    Int: 13    God:    Xom [..*...]
Gold:   54         SH:  0    Dex: 15    Spells: 3/3 levels left

rFire    . . .     SeeInvis +   a - +1 short sword (chaos)
rCold    + . .     Gourm    .   (shield restricted)
rNeg     . . .     Faith    .   b - +2 robe
rPois    .         Spirit   .   (helmet restricted)
rElec    .         Reflect  .   (no cloak)
rCorr    .         Harm     .   (gloves unavailable)
MR       .....                  (boots unavailable)
Stlth    +.........             (no amulet)
HPRegen  0.07/turn              i - ring of protection from cold
MPRegen  0.09/turn              (no ring)

@: very quick
A: very small, unfitting armour, see invisible, herbivore, speed 3, slow
metabolism 2
a: Renounce Religion


You were on level 2 of the Dungeon.
You worshipped Xom.
You were a toy of Xom.
You were not hungry.

You visited 1 branch of the dungeon, and saw 2 of its levels.

You collected 54 gold pieces.

Inventory:

Hand Weapons
 a - a +1 short sword of chaos (weapon)
Missiles
 f - 50 stones (quivered)
 h - 14 arrows
Armour
 b - a +2 robe (worn)
Jewellery
 i - a ring of protection from cold (left hand)
Scrolls
 e - 2 scrolls of remove curse
 j - a scroll of immolation {unknown}
 k - 2 scrolls of teleportation {unknown}
Comestibles
 c - 3 rations


   Skills:
 - Level 2.4 Fighting
 + Level 5.6 Short Blades
 - Level 3.5 Dodging


You had 3 spell levels left.
You didn't know any spells.
Your spell library was empty.

Dungeon Overview and Level Annotations

Branches:
Dungeon (2/15)

Altars:
Dithmenos
Hepliaklqana


Innate Abilities, Weirdness & Mutations

You are very small and have problems with some larger weapons.
You are too small for most types of armour.
You have supernaturally acute eyesight. (SInv)
You are a herbivore.
You cover ground extremely quickly.
You need to consume almost no food.


Message History

a +0 club; a hobgoblin corpse
Things that are here:
a +0 spear; a gnoll corpse You hit the gnoll but do no damage.
The gnoll goes berserk!
Xom thinks this is hilarious!
The gnoll misses you. The gnoll closely misses you.
You hit the gnoll but do no damage.
The gnoll is poisoned.
The gnoll misses you.
You hit the gnoll.
The gnoll looks as sick as possible!
The gnoll is lightly wounded.
The gnoll barely misses you.
You hit the gnoll. You burn the gnoll.
The gnoll is moderately wounded.
The gnoll hits you with a +0 club!
Ouch! That really hurt!
You hit the gnoll.
The gnoll is moving more slowly.
The gnoll is moderately wounded.
The gnoll hits you with a +0 club!
Ouch! That really hurt!
You die...

## ###.###### .........#
#### ##
##........#####.... .
...##............. .###
#..#............. ....
#.............## #.. #
#.#.#)..###...##.#.#.#
#......##.##.@........
##....#.#._.#.#g###.###.
#....<#.......#)........
#†######.....##..##.###..
###.# ##...###......g.gg
....# ##### #...#.#.#..
###.# #.>#. .# #.# #..##.
# #.. #... ..


You could see a gnoll (berserk, petrifying, extremely poisoned).

Vanquished Creatures
  A gnoll (D:2)
  A river rat (D:1)
  A worm (D:2)
  2 dart slugs
  4 leopard geckos
  5 bats
  6 giant cockroaches
  9 goblins
  4 hobgoblins
  3 jackals (D:2)
  4 kobolds
  A quokka (D:2)
  2 frilled lizards (D:1)
  2 rats
45 creatures vanquished.

Notes
Turn   | Place    | Note
-------+----------+-------------------------------------------
     0 | D:1      | Kives the Spriggan Chaos Knight began the quest for the
                  | Orb.
     0 | D:1      | Reached XP level 1. HP: 11/11 MP: 2/2
    83 | D:1      | XOM: silly message
   193 | D:1      | Reached XP level 2. HP: 16/16 MP: 3/3
   195 | D:1      | Reached skill level 4 in Short Blades
   354 | D:1      | XOM: silly message
   378 | D:1      | XOM: silly message
   396 | D:1      | XOM: silly message
   443 | D:1      | XOM: smoke on damage
   575 | D:1      | XOM: divination: detect items
   633 | D:1      | Reached XP level 3. HP: 9/19 MP: 4/4
   638 | D:1      | XOM: silly message
  1092 | D:2      | Reached skill level 5 in Short Blades
  1100 | D:2      | Found a hazy altar of Hepliaklqana.
  1405 | D:2      | XOM: divination: detect creatures
  1435 | D:2      | Found a shadowy altar of Dithmenos.
  1479 | D:2      | Reached XP level 4. HP: 23/23 MP: 5/5
  1675 | D:2      | Slain by a gnoll

Illustrated notes

Levels and vault maps discovered:
D:1:      sevenhm_arrival_forest_fort_small_6, layout_basic
D:2:      layout_loops_ring, nicolae_dithmenos_through_a_glass_darkly,
          old_standard_altar, lemuel_doored_altar, ebering_dispersal_statue_hall

Skill      XL: |  1  2  3 |
---------------+----------+-----
Short Blades   | 4 5 |  5.6
Fighting       | |  2.4
Dodging        | |  3.5

Action                   |  1- 3 |  4- 6 || total
-------------------------+-------+-------++-------
Melee: Short sword       |   130 |    14 ||   144
  Use: Scroll            |     2 |       ||     2
       Potion            |     2 |       ||     2
 Stab: Sleeping          |     3 |       ||     3
Armor: Robe              |    15 |       ||    15
Dodge: Dodged            |    98 |     8 ||   106
